 Dungeon Crawl Stone Soup version 0.22-a0-601-gb0ed703ee0 (webtiles) character file.

131 LordofOblivion the Gusty (level 4, -3/34 HPs)
             Began as a Draconian Air Elementalist on July 6, 2018.
             Slain by a gnoll
             ... wielding a +0 halberd
              (8 damage)
             ... on level 2 of the Dungeon.
             The game lasted 00:09:55 (1781 turns).

LordofOblivion the Gusty (DrAE)                     Turns: 1781, Time: 00:09:56

Health: -3/34      AC:  6    Str: 10    XL:     4   Next: 91%
Magic:  0/8        EV: 12    Int: 16    God:
Gold:   87         SH:  0    Dex: 12    Spells: 8/9 levels left

rFire    . . .     SeeInvis .   f - +0 short sword
rCold    . . .     Gourm    .   (no shield)
rNeg     . . .     Faith    .   (armour unavailable)
rPois    .         Spirit   .   (helmet restricted)
rElec    .         Reflect  .   (no cloak)
rCorr    .         Harm     .   (no gloves)
MR       .....                  k - +0 pair of boots
Stlth    ++........             (no amulet)
HPRegen  0.11/turn              (no ring)
MPRegen  0.11/turn              (no ring)

@: no status effects
A: unfitting armour, cold-blooded, AC +5
a: no special abilities


You were on level 2 of the Dungeon.
You were hungry.

You visited 1 branch of the dungeon, and saw 2 of its levels.

You collected 87 gold pieces.

Inventory:

Hand Weapons
 f - a +0 short sword (weapon)
 g - a +0 dagger
Missiles
 a - 45 arrows
 h - a throwing net (quivered)
Armour
 c - a +0 robe
 k - a +0 pair of boots (worn)
Scrolls
 d - a scroll of fog {unknown}
 n - 2 scrolls of immolation {unknown}
 p - 3 scrolls of remove curse {unknown}
Potions
 e - a potion of lignification {unknown}
 i - a potion of degeneration {unknown}
 j - a potion of might {unknown}
 l - a potion of brilliance {unknown}
 m - a potion of resistance {unknown}
 q - a potion of flight {unknown}
Comestibles
 b - 4 rations
 o - 3 chunks of flesh


   Skills:
 + Level 0.6 Fighting
 + Level 0.9 Short Blades
 + Level 2.2 Dodging
 + Level 1.9 Stealth
 + Level 0.4 Unarmed Combat
 + Level 3.2 Spellcasting
 + Level 1.8 Conjurations
 + Level 3.7 Air Magic


You had 8 spell levels left.
You knew the following spells:

 Your Spells              Type           Power        Failure   Level  Hunger
a - Shock                 Conj/Air       ##..         6%          1    None

Your spell library contained the following spells:

 Spells                   Type           Power        Failure   Level  Hunger
 Lightning Bolt           Conj/Air       ##........   85%         5    ######.
 Swiftness                Chrm/Air       #.......     13%         2    ##.....
 Airstrike                Air            ##........   36%         4    ####...
 Static Discharge         Conj/Air       ##......     17%         3    ###....


Dungeon Overview and Level Annotations

Branches:
Dungeon (2/15)

Altars:


Innate Abilities, Weirdness & Mutations

Your plain brown scales are hard. (AC +5)
You cannot fit into any form of body armour.
You are cold-blooded and may be slowed by cold attacks.


Message History

Aiming: Shock (safe; 6% risk of failure)
Press: ? - help, Shift-Dir - straight line, f - gnoll
Aim: a gnoll, wielding a halberd The zap hits the gnoll.
The gnoll is moderately wounded.
You hit the gnoll but do no damage.
The gnoll is moderately wounded.
The gnoll hits you with a halberd!
* * * LOW HITPOINT WARNING * * *
The gnoll hits you from afar with a halberd.
* * * LOW HITPOINT WARNING * * *
Casting: Shock (safe; 6% risk of failure)
Confirm with . or Enter, or press ? or * to list all spells.
Aiming: Shock (safe; 6% risk of failure)
Press: ? - help, Shift-Dir - straight line, f/p - gnoll
Aim: a gnoll, wielding a halberd (moderately wounded)
The zap hits the gnoll.
The gnoll is severely wounded.
The gnoll hits you from afar with a halberd!
You die...

#.##.#........
################.##........#
#..................##.####.#
#...>..########...##.#
#......### #...##.#
#......'.# #...##.#
##.....#.######...+#..
#.>.......(.##...####
#.......####.@)...+
#.......# ####g).# #.#####..
....... #. #.. ....... ..
....... #. ....$.. .......
.......


You could see a gnoll.

Vanquished Creatures
  A worker ant (D:2)
  3 gnolls (D:2)
  3 adders (D:2)
  A worm (D:2)
  2 dart slugs (D:1)
  3 leopard geckos (D:1)
  2 bats (D:1)
  A giant cockroach (D:1)
  4 goblins (D:1)
  4 hobgoblins
  4 jackals (D:2)
  5 kobolds (D:1)
  A quokka (D:2)
  A frilled lizard (D:1)
  7 rats
42 creatures vanquished.

Notes
Turn   | Place    | Note
-------+----------+-------------------------------------------
     0 | D:1      | LordofOblivion the Draconian Air Elementalist began the quest for the Orb.
     0 | D:1      | Reached XP level 1. HP: 14/14 MP: 3/3
   173 | D:1      | Reached XP level 2. HP: 19/20 MP: 0/5
   885 | D:1      | Reached XP level 3. HP: 26/26 MP: 0/6
  1388 | D:2      | Reached XP level 4. HP: 25/33 MP: 0/8
  1781 | D:2      | Slain by a gnoll

Vault maps used:
D:1:      dpeg_arrival_round_a, minmay_box_of_dots
D:2:      first_ration

Skill      XL: |  1  2  3 |
---------------+----------+-----
Dodging        | 2 |  2.2
Spellcasting   | 3 |  3.2
Fighting       | |  0.6
Short Blades   | |  0.9
Stealth        | |  1.9
Unarmed Combat | |  0.4
Conjurations   | |  1.8
Air Magic      | |  3.7

Action                   |  1- 3 |  4- 6 || total
-------------------------+-------+-------++-------
Melee: Unarmed           |     8 |       ||     8
       Tailslap          |     4 |     5 ||     9
       Short sword       |    14 |    46 ||    60
 Cast: Shock             |    52 |    29 ||    81
  Use: Scroll            |     1 |       ||     1
  Eat: Chunk             |     2 |     1 ||     3
Armor: Skin              |     3 |    20 ||    23
Dodge: Dodged            |    18 |    52 ||    70

Table legend:
 A = Spawn XP
 B = Non-spawn XP
 C = Spawn XP percentage of total XP
 D = Spawn monster count
 E = Non-spawn monster count
 F = Spawn count percentage of total count
 G = Total turns spent on level
                    A         B        C        D         E        F      G
               +---------+---------+-------+---------+---------+-------+---------
         Total |       0 |     188 |   0.0 |       0 |      42 |   0.0 |  1781
               +---------+---------+-------+---------+---------+-------+---------
           D:1 |       0 |      48 |   0.0 |       0 |      25 |   0.0 |  1252
           D:2 |       0 |     140 |   0.0 |       0 |      17 |   0.0 |   529
               +---------+---------+-------+---------+---------+-------+---------
